 Dungeon Crawl Stone Soup version 0.29.1-12-g30fa7ad0bf (webtiles) character file.

Game seed: 5688292430006446249

217 retardedninja the Trooper (level 5, 0/47 HPs)
             Began as a Hill Orc Fighter on Jan 4, 2023.
             Slain by Pargi (2 damage)
             ... on level 3 of the Dungeon.
             The game lasted 00:01:46 (1814 turns).

retardedninja the Trooper (Hill Orc Fighter)        Turns: 1814, Time: 00:01:46

Health: 0/47       AC:  7    Str: 21    XL:     5   Next: 94%
Magic:  5/5        EV:  9    Int:  8    God:
Gold:   63         SH:  4    Dex: 10    Spells: 4/4 levels left

rFire   + . .      SeeInvis .   a - +0 war axe
rCold   + . .      Faith    .   c - +0 buckler
rNeg    . . .      Spirit   .   b - +0 scale mail
rPois   +          Reflect  .   (no helmet)
rElec   +          Harm     .   (no cloak)
rCorr   +          Rampage  .   (no gloves)
Will    .....                   (no boots)
Stlth   ..........              (no amulet)
HPRegen 0.15/turn               (no ring)
MPRegen 0.09/turn               (no ring)

@: mighty, resistant, slowed, very slow
A: no striking features
a: no special abilities


You were on level 3 of the Dungeon.
You visited 1 branch of the dungeon, and saw 3 of its levels.

You collected 63 gold pieces.

Inventory:

Hand Weapons
 a - a +0 war axe (weapon)
Missiles
 e - a throwing net (quivered)
Armour
 b - a +0 scale mail (worn)
 c - a +0 buckler (worn)
Jewellery
 i - a +6 ring of dexterity
 q - a +6 ring of dexterity
 r - a ring of willpower
Scrolls
 f - a scroll of summoning {unknown}
 g - a scroll of magic mapping {unknown}
 h - 2 scrolls of identify {unknown}
 j - a scroll of blinking {unknown}
 n - a scroll of fog {unknown}
 o - a scroll of fear {unknown}
 p - a scroll of immolation {unknown}
Potions
 k - a potion of haste {unknown}
 m - a potion of heal wounds {unknown}


   Skills:
 + Level 4.9 Fighting
 + Level 4.5 Axes
 + Level 4.4 Armour
 + Level 4.5 Shields


You had 4 spell levels left.
You didn't know any spells.
Your spell library contained the following spells:

 Spells                   Type           Power      Damage    Failure   Level
 Poisonous Vapours        Pois/Air       0%         N/A       92%         2
 Gell's Gravitas          Tloc           0%         N/A       99%         3
 Teleport Other           Tloc           0%         N/A       99%         3
 Corpse Rot               Necr/Pois/Air  0%         N/A       100%        4
 Dispersal                Tloc           0%         N/A       100%        6


Dungeon Overview and Level Annotations

Branches:
Dungeon (3/15)

Altars:
Sif Muna

Shops:
D:1 ?

Annotations:
D:3 Pargi, Terence


Message History

Pargi bites you but does no damage. You block Pargi's attack.
Pargi barely misses you. Natasha claws you.
You closely miss Pargi. You slash Natasha!
Terence the Incautious comes into view.
He is wielding a +0 mace.
Pargi bites you but does no damage. Pargi claws you but does no damage.
Pargi barely misses you.
Natasha stares at you and mumbles some strange words.
You feel yourself slow down. Pargi barely misses you.
Pargi claws you but does no damage. Pargi claws you.
A rat comes into view.
Natasha claws you!
* * * LOW HITPOINT WARNING * * *
Okay, then.
It was a potion of resistance.
You feel protected.
Terence shouts!
Pargi bites you.
* * * LOW HITPOINT WARNING * * *
Pargi claws you.
* * * LOW HITPOINT WARNING * * *
Pargi claws you but does no damage. Natasha barely misses you.
It was a potion of curing.
You feel better. Pargi completely misses you.
Pargi claws you but does no damage. Pargi barely misses you.
Natasha casts a spell at you. The magic dart hits you.
* * * LOW HITPOINT WARNING * * *
Pargi completely misses you. Pargi claws you but does no damage.
You block Pargi's attack. Natasha claws you.
* * * LOW HITPOINT WARNING * * *
You feel very mighty all of a sudden. Pargi bites you.
* * * LOW HITPOINT WARNING * * *
Pargi claws you but does no damage. Pargi misses you. Natasha claws you.
* * * LOW HITPOINT WARNING * * *
You miss Pargi. You slash Natasha!
You kill Natasha!
Natasha yowls pathetically as she dies!
Pargi snarls, "Go!
Away!"
Pargi bites you.
You die...

......#.......
......^.......
..............
..PPPP.._..P.P
........r.....
...........@.#
...........T.#
..........)@.#
.............#
.............#
..........?.####
......).........
##.....#..######
#.....#...#
#.....#.#.#
#.....#.#.#######


You could see Pargi, Terence and a rat.

Vanquished Creatures
  Sigmund (D:3)
  Natasha (D:3)
  2 adders (D:2)
  A dart slug (D:1)
  An orc (D:3)
  7 bats
  5 endoplasms
  2 goblins (D:1)
  2 hobgoblins
  3 jackals (D:2)
  A quokka (D:1)
  3 ball pythons
  A frilled lizard (D:2)
  2 kobolds (D:1)
  3 rats
35 creatures vanquished.

Vanquished Creatures (others)
  A fungus (D:3)
1 creature vanquished.

Grand Total: 36 creatures vanquished

Notes
Turn   | Place    | Note
-------+----------+-------------------------------------------
     0 | D:1      | retardedninja the Hill Orc Fighter began the quest for the
                  | Orb.
     0 | D:1      | Reached XP level 1. HP: 19/19 MP: 1/1
    52 | D:1      | Found Duph's Magic Scroll Shoppe.
   249 | D:1      | Found a faded altar of an unknown god.
   309 | D:1      | Reached XP level 2. HP: 25/27 MP: 2/2
   862 | D:2      | Reached XP level 3. HP: 30/33 MP: 3/3
  1556 | D:3      | Noticed Sigmund
  1565 | D:3      | Killed Sigmund
  1566 | D:3      | Reached XP level 4. HP: 15/41 MP: 4/4
  1566 | D:3      | Reached XP level 5. HP: 17/47 MP: 5/5
  1799 | D:3      | Found a shimmering blue altar of Sif Muna.
  1803 | D:3      | Noticed Pargi
  1803 | D:3      | Noticed Natasha
  1810 | D:3      | Noticed Terence
  1813 | D:3      | HP: 2/47 [Natasha (3)]
  1814 | D:3      | Killed Natasha
  1814 | D:3      | Slain by Pargi

Illustrated notes

Levels and vault maps discovered:
D:1:      spicycebolla_arrival_clurvy, layout_rooms,
          chequers_ecumenical_altar_simple, serial_shops, shop,
          chequers_serial_rivers_micro_b
D:2:      layout_loops_corners
D:3:      layout_rooms, fedhas_altar_4, mainiacjoe_overflow_boulevard,
          nicolae_hepliaklqana_hippocampus, uniq_pargi, uniq_robin,
          uniq_natasha, uniq_sigmund, uniq_terence

Skill      XL: |  1  2  3 |
---------------+----------+-----
Axes           | 3 4 |  4.5
Fighting       | 4 |  4.9
Armour         | 4 |  4.4
Shields        | 4 |  4.5

Action                   |  1- 3 |  4- 6 || total
-------------------------+-------+-------++-------
Melee: War axe           |    94 |     9 ||   103
  Use: Potion            |       |     3 ||     3
Armor: Scale mail        |    52 |    12 ||    64
Dodge: Dodged            |    42 |    13 ||    55
Block: Buckler           |    22 |     3 ||    25
